Cogmind - Beta 15 @@@ ROGUE MODE // 2025.08.29 @ 18:19:06 Player: Petvaria Result: Destroyed by V037-s with Heavy Hardcell Cannon Performance ------------- Evolutions (8) 4000 Regions Visited (22) 4400 Robots Destroyed (95) 475 Value Destroyed (2991) 2991 Prototype IDs (128) 2560 Alien Tech Used (1) 200 Bonus (3685) 3685 TOTAL SCORE: 18311 Bonus ------- Follower Combat Kills 236 Registered with UFD 300 Met Optimus in HQ 500 Met Zhirov 300 Met Warlord at Base 500 MAIN.C Attacked Warlord 500 Scanned by Researcher 500 Met Optimus at Protoforge 1000 Friendly Fire -151 Cogmind --------- Core Integrity 0/1450 Matter 290/300 Energy 51/100 System Corruption 15% Temperature Cool (10) Movement Flying (25) Location -2/Protoforge Parts ------- > --- POWER (1) -------- (None) > --- PROPULSION (8) --- Field Propulsion Drive Improved Q-thruster Improved Q-thruster Improved Q-thruster Improved Q-thruster Experimental Biomechanical Wings > --- UTILITY (12) ----- Plexus Tether Advanced Signal Interpreter Hacking Suite Hacking Suite > --- WEAPON (2) ------- (None) > --- INVENTORY (5) ---- Experimental Cooling System Experimental Cooling System Experimental Reaction Control System Concept Core Shell Peak State ------------ > --- POWER ------------ Particle Reactor > --- PROPULSION ------- Experimental VSS Leg Cooled Nuclear Pulse Thruster Improved Q-thruster Improved Q-thruster Improved Q-thruster Improved Q-thruster Experimental Surge Thruster Experimental Surge Thruster > --- UTILITY ---------- 0bPrime Scrap Suit Power Amplifier Experimental Cooling System Medium Storage Unit Concept NT7 Matterbank Advanced Sensor Array Advanced Signal Interpreter Concept Core Shell Hacking Suite Hacking Suite Hacking Suite > --- WEAPON ----------- Concept XC Strikerail Advanced Remote Datajack > --- INVENTORY -------- Light Antimatter Reactor Field Propulsion Drive Field Propulsion Drive Q-thruster Improved Q-thruster Improved Q-thruster Experimental Cooling System Advanced Sensor Array Ragnarok Missile Launcher Experimental Terror Saw [Rating: 186] Favorites ----------- Power Heavy Ion Engine Engine Heavy Ion Engine Power Core Micro Nuclear Core Reactor Fusion Reactor Propulsion Improved Cesium-ion Thruster Treads Light Treads Leg Titanium Leg Wheel Wheel Hover Unit Hover Unit Flight Unit Improved Cesium-ion Thruster Utility Hacking Suite Device Improved Sensor Array Storage Large Storage Unit Processor Improved Signal Interpreter Hackware Hacking Suite Protection Improved Light Armor Plating Weapon Chainsword Energy Gun Particle Gun Energy Cannon Cooled Particle Cannon Ballistic Gun Light Assault Rifle Ballistic Cannon Improved Light Cannon Launcher Ragnarok Missile Launcher Special Weapon Advanced Remote Datajack Impact Weapon Heavy Mace Slashing Weapon Chainsword Piercing Weapon Experimental Jetlance Special Melee Weapon Improved Datajack Build | -11 -10 -9 -8 -7 -7 -7 -7 -5 -5 -5 -5 -4 -4 -4 -4 -4 -3 -3 -3 -2 -2 -2 ------- Run | Yrd Mat Mat Mat Fac Sto Rec Scr Fac Upp Upp Zhi Pro Fac Upp Upp War Pro Res Qua Res Tes Frg Slots Evolved 16 | . . 2 2 2 . . . 4 . . . . 2 . . . . 2 . 2 . . Power . | . . . . . . . . . . . . . . . . . . . . . . . Propulsion 6 | . . 1 1 . . . . 1 . . . . . . . . . 1 . 2 . . Utility 10 | . . 1 1 2 . . . 3 . . . . 2 . . . . 1 . . . . Weapon . | . . . . . . . . . . . . . . . . . . . . . . . Parts Attached 178 | 6 5 13 34 17 10 . 5 7 . . 5 . 2 . 1 . . 8 7 7 14 37 Power 16 | 1 . 1 2 3 . . . 1 . . 1 . . . . . . 1 2 . 1 3 Engine 4 | 1 . 1 2 . . . . . . . . . . . . . . . . . . . Core 4 | . . . . 3 . . . 1 . . . . . . . . . . . . . . Reactor 8 | . . . . . . . . . . . 1 . . . . . . 1 2 . 1 3 Propulsion 62 | 2 1 6 13 5 4 . 1 3 . . 3 . . . . . . 1 1 1 8 13 Treads 13 | 2 . 4 5 . . . . . . . . . . . . . . . . . 1 1 Leg 12 | . . 2 5 1 . . 1 . . . . . . . . . . . . . . 3 Wheel 3 | . 1 . 1 . . . . . . . . . . . . . . . . . 1 . Hover 5 | . . . 2 . 1 . . . . . . . . . . . . . . . . 2 Flight 29 | . . . . 4 3 . . 3 . . 3 . . . . . . 1 1 1 6 7 Utility 58 | 1 3 2 6 6 4 . 3 3 . . 1 . 2 . 1 . . 6 3 4 3 10 Device 18 | . . . 2 1 . . . 1 . . . . . . . . . 4 1 3 . 6 Storage 5 | 1 2 . . . 1 . . . . . . . . . . . . . . . . 1 Processor 8 | . . . 1 . . . 2 1 . . . . . . . . . . 1 . 2 1 Hackware 15 | . 1 . 2 3 2 . . 1 . . . . 1 . 1 . . 1 1 1 1 . Protection 12 | . . 2 1 2 1 . 1 . . . 1 . 1 . . . . 1 . . . 2 Artifact . | . . . . . . . . . . . . . . . . . . . . . . . Weapon 42 | 2 1 4 13 3 2 . 1 . . . . . . . . . . . 1 2 2 11 Energy Gun 10 | . . 1 7 . . . . . . . . . . . . . . . . . . 2 Energy Cannon 3 | . . . . . 1 . . . . . . . . . . . . . 1 . . 1 Ballistic Gun 14 | 2 1 3 4 1 1 . . . . . . . . . . . . . . . . 2 Ballistic Cannon 5 | . . . 1 . . . . . . . . . . . . . . . . 1 1 2 Launcher 1 | . . . . . . . . . . . . . . . . . . . . . 1 . Special Weapon 1 | . . . . . . . . . . . . . . . . . . . . 1 . . Impact Weapon 1 | . . . 1 . . . . . . . . . . . . . . . . . . . Slashing Weapon 4 | . . . . 1 . . . . . . . . . . . . . . . . . 3 Piercing Weapon 1 | . . . . . . . . . . . . . . . . . . . . . . 1 Special Melee Weapon 2 | . . . . 1 . . 1 . . . . . . . . . . . . . . . Unidentified Prototypes 36 | . . 1 1 1 4 . . . . . 4 . . . . . . 2 1 2 7 13 Corrupted Parts 1 | . . . . . . . . . . . . . . . . . . . . . . 1 System Corruption 3 | . . . . . . . . . . . . . . . . . . . . . . 3 Parts Lost 84 | . 2 7 29 2 . . . . . . . . . . . . . 7 2 4 5 26 Power 7 | . . 1 2 . . . . . . . . . . . . . . 1 . . . 3 Propulsion 26 | . 1 3 10 1 . . . . . . . . . . . . . . . . 1 10 Utility 31 | . . 1 5 1 . . . . . . . . . . . . . 5 2 4 4 9 Weapon 20 | . 1 2 12 . . . . . . . . . . . . . . 1 . . . 4 Highest Loss Streak 13 | . 2 3 12 1 . . . . . . . . . . . . . 3 1 3 5 13 To Critical Strikes . | . . . . . . . . . . . . . . . . . . . . . . . Average Backups 9 | 2 8 10 9 13 5 5 5 6 8 8 9 10 8 10 10 10 10 9 9 9 9 9 Power 1 | . 1 1 1 2 1 1 1 1 1 1 1 1 1 1 1 1 1 . 1 . 1 1 Propulsion 2 | 1 1 . 1 2 2 2 2 2 4 4 5 4 4 4 4 4 4 3 3 4 4 4 Utility 3 | . . 2 3 4 2 2 2 2 3 3 3 4 3 5 5 5 5 5 4 3 2 2 Weapon 1 | . 5 4 2 3 . . . . . . . . . . . . . . . . . 1 Tool/Special . | . . . . . . . . . . . . . . . . . . . . . . . Unused Backups 15 | . 1 . . 5 . . . . . . 1 1 . . 1 . . . . . 2 4 Power 4 | . . . . 2 . . . . . . . . . . . . . . . . . 2 Propulsion 4 | . 1 . . 1 . . . . . . 1 1 . . . . . . . . . . Utility 4 | . . . . . . . . . . . . . . . 1 . . . . . 1 2 Weapon 2 | . . . . 2 . . . . . . . . . . . . . . . . . . Tool/Special 1 | . . . . . . . . . . . . . . . . . . . . . 1 . Average Slot Usage (%) 90 | . 91 83 75 96 100 100 99 98 100 100 99 100 99 100 100 100 100 94 85 83 95 85 Engine 4 | . 14 9 8 2 . . . . . . . . . . . . . . . . . . Core 1 | . . . . 4 7 7 7 5 5 5 2 . . . . . . . . . . . Reactor 1 | . . . . . . . . . . . 2 5 5 5 5 5 5 4 4 4 4 3 Treads 7 | . 26 19 10 13 . . . . . . . . . . . . . . . . . . Leg 5 | . . 4 16 11 . . . . . . . . . . . . . . . . . . Flight 15 | . . . . 3 29 30 30 28 29 29 29 29 26 26 26 26 26 27 27 26 33 31 Device 3 | . . . . 4 2 . . 4 5 5 5 5 5 5 5 5 5 8 7 7 13 13 Storage 6 | . 14 11 9 6 . . . 2 5 5 5 5 5 5 5 5 5 4 4 4 4 6 Processor 3 | . . . 3 7 . . . 4 5 5 5 5 5 5 5 5 5 4 4 4 4 4 Hackware 18 | . 5 11 8 14 27 30 30 29 29 29 29 29 31 31 31 31 31 28 25 24 19 13 Protection 6 | . . 4 1 8 15 15 14 8 5 5 4 5 9 10 10 10 10 8 4 6 6 1 Ballistic Gun 6 | . 27 20 8 6 . . . . . . . . . . . . . . . . . 1 Ballistic Cannon 1 | . . . 2 6 . . . . . . . . . . . . . . . . . . Slashing Weapon 2 | . . . . . 7 7 7 5 5 5 5 5 5 5 5 5 5 4 4 4 4 2 Special Melee Weapon 2 | . . . . . 7 7 7 5 5 5 5 5 5 5 5 5 5 1 . . . . Peak Build Rating 186 | 6 10 16 26 40 48 46 55 68 66 67 78 78 84 84 87 87 87 106 99 116 134 186 Average Rating 50 | 4 8 13 18 35 40 46 48 63 66 66 73 78 83 84 86 87 87 93 87 96 125 157 On Entrance 62 | . 6 10 16 25 38 46 46 49 66 66 67 78 78 84 84 87 87 87 84 87 116 133 Naked Turns . | . . . . . . . . . . . . . . . . . . . . . . . Heaviest Build 55 | 14 29 37 36 39 16 15 19 24 24 24 28 28 31 31 31 31 31 34 32 42 48 55 Greatest Support 68 | 40 40 60 68 40 23 23 23 32 32 32 32 31 31 31 31 31 31 36 36 42 63 66 Greatest Overweight (x) 10 | . 1 7 10 2 . . 1 . . . . . . . . . . . 1 . 1 1 Average Overweight (x) . | . . . . . . . . . . . . . . . . . . . . . . . Largest Inventory Capacity 15 | 8 15 15 15 15 10 5 5 10 10 10 10 10 10 10 10 10 10 10 10 10 10 10 Average Capacity 11 | 6 10 15 15 14 5 5 5 7 10 10 10 10 10 10 10 10 10 10 10 10 10 9 Most Carried 15 | 4 10 15 15 15 5 5 5 8 8 9 10 10 10 10 10 10 10 10 10 10 10 10 Average Carried 9 | 2 8 10 9 13 4 5 4 6 8 8 9 9 8 10 9 10 10 9 9 9 9 9 Final Capacity 15 | 8 15 15 15 5 5 5 5 10 10 10 10 10 10 10 10 10 10 10 10 10 10 5 Final Carried 15 | 4 8 11 15 5 5 5 5 8 8 9 10 10 10 10 10 10 10 9 10 10 8 4 Class Distribution -------------------- 33% | Hacker-Sprinter 21% | Mutant 16% | Scavenger-Mutant 16% | Wizard-Sprinter 12% | Hacker-Mutant Dominant Class ---------------- Mutant | -10/Materials Scavenger-Mutant | -9/Materials Mutant | -8/Materials Hacker-Mutant | -7/Factory Hacker-Sprinter | -7/Storage Hacker-Sprinter | -7/Recycling Hacker-Sprinter | -7/Scraptown Hacker-Sprinter | -5/Factory Hacker-Sprinter | -5/Upper Caves Hacker-Sprinter | -5/Upper Caves Hacker-Sprinter | -5/Zhirov Hacker-Sprinter | -4/Proximity Caves Wizard-Sprinter | -4/Factory Wizard-Sprinter | -4/Upper Caves Wizard-Sprinter | -4/Upper Caves Wizard-Sprinter | -4/Warlord Wizard-Sprinter | -3/Proximity Caves Wizard-Sprinter | -3/Research Hacker-Sprinter | -3/Quarantine Wizard-Sprinter | -2/Research Hacker-Sprinter | -2/Testing Hacker-Sprinter | -2/Protoforge Resources | -11 -10 -9 -8 -7 -7 -7 -7 -5 -5 -5 -5 -4 -4 -4 -4 -4 -3 -3 -3 -2 -2 -2 ----------- Run | Yrd Mat Mat Mat Fac Sto Rec Scr Fac Upp Upp Zhi Pro Fac Upp Upp War Pro Res Qua Res Tes Frg Matter Collected 3927 | 206 395 330 532 152 399 . 69 22 74 . 70 . . . 30 . . . . 243 163 1242 Remotely . | . . . . . . . . . . . . . . . . . . . . . . . Salvage Created 3996 | . 525 960 1166 261 23 . . 22 . . 336 . . . . . . . . 243 163 297 Parts 228 | . 41 72 55 15 2 . . 5 . . 5 . . . . . . . . 7 10 16 Haulers Intercepted 10 | . 1 2 5 1 . . . . . . . . . . . . . . . 1 . . Recyclers Shooed 3 | . . . 3 . . . . . . . . . . . . . . . . . . . Parts Field Recycled . | . . . . . . . . . . . . . . . . . . . . . . . Retrieved Matter . | . . . . . . . . . . . . . . . . . . . . . . . Parts Self-Destructed 5 | . . . . . . . . . . . 5 . . . . . . . . . . . Prevented . | . . . . . . . . . . . . . . . . . . . . . . . Kills | -11 -10 -9 -8 -7 -7 -7 -7 -5 -5 -5 -5 -4 -4 -4 -4 -4 -3 -3 -3 -2 -2 -2 ------- Run | Yrd Mat Mat Mat Fac Sto Rec Scr Fac Upp Upp Zhi Pro Fac Upp Upp War Pro Res Qua Res Tes Frg Combat Hostiles Destroyed 58 | . 13 18 18 4 . . . . . . . . . . . . . . . . . 5 Guns 48 | . 13 18 16 1 . . . . . . . . . . . . . . . . . . Cannons 3 | . . . . 3 . . . . . . . . . . . . . . . . . . AOE 5 | . . . 1 . . . . . . . . . . . . . . . . . . 4 Classes Destroyed 16 | . 6 2 2 2 . . . . . . . . . . . . . . . . . 4 Worker 2 | . 1 1 . . . . . . . . . . . . . . . . . . . . Builder 2 | . . . 1 . . . . . . . . . . . . . . . . . 1 . Hauler 10 | . 1 2 5 1 . . . . . . . . . . . . . . . 1 . . Recycler 5 | . . 1 2 . . . . . . . . . . . . . . . . 1 1 . Operator 12 | . 2 4 2 2 1 . . 1 . . . . . . . . . . . . . . Watcher 4 | . 1 2 . . . . . . . . . . . . . . . . . . 1 . Swarmer 16 | . 6 5 5 . . . . . . . . . . . . . . . . . . . Grunt 26 | . 7 8 11 . . . . . . . . . . . . . . . . . . . Brawler 1 | . . . 1 . . . . . . . . . . . . . . . . . . . Researcher 1 | . . . . . . . . . . . . . . . . . . . . . . 1 Sentry 8 | . . 5 1 2 . . . . . . . . . . . . . . . . . . Hunter 1 | . . . . 1 . . . . . . . . . . . . . . . . . . Programmer 1 | . . . . 1 . . . . . . . . . . . . . . . . . . Decapitator 4 | . . . . . . . . . . . . . . . . . . . . . . 4 Striker 1 | . . . . . . . . . . . . . . . . . . . . . . 1 Scrapper 1 | . . . . . . . . . . . . . . . . . . . . . . 1 Best Kill Streak 7 | . 5 5 7 2 1 . . 1 . . . . . . . . . . . 1 2 4 Combat Bots Only 6 | . 4 5 6 2 . . . . . . . . . . . . . . . . . 4 Max Kills in Single Turn 3 | . 1 1 2 1 1 . . 1 . . . . . . . . . . . 1 1 3 Gunslinging 1 | . . . 1 . . . . . . . . . . . . . . . . . . . Exploded 3 | . . . 1 . . . . . . . . . . . . . . . . . . 3 Melee . | . . . . . . . . . . . . . . . . . . . . . . . Uniques/NPCs Destroyed . | . . . . . . . . . . . . . . . . . . . . . . . Combat | -11 -10 -9 -8 -7 -7 -7 -7 -5 -5 -5 -5 -4 -4 -4 -4 -4 -3 -3 -3 -2 -2 -2 -------- Run | Yrd Mat Mat Mat Fac Sto Rec Scr Fac Upp Upp Zhi Pro Fac Upp Upp War Pro Res Qua Res Tes Frg Hostile Shots Fired 1077 | . 68 125 239 130 . . 7 . . . . . 14 1 . 2 . 156 67 34 38 196 Missed 417 | . 18 25 60 50 . . 1 . . . . . 8 1 . 1 . 92 43 18 19 81 Hits 660 | . 50 100 179 80 . . 6 . . . . . 6 . . 1 . 64 24 16 19 115 Melee 25 | . . 6 3 . . . . . . . . . . . . . . . . . . 16 Projectile 635 | . 50 94 176 80 . . 6 . . . . . 6 . . 1 . 64 24 16 19 99 AOE 1 | . . . . . . . . . . . . . . . . . . . . . . 1 Critical Strikes 30 | . . 4 8 1 . . 1 . . . . . 1 . . . . 3 2 . . 10 Actively Blocked 1 | . . . . . . . 1 . . . . . . . . . . . . . . . Part Disruptions 1 | . . . . . . . . . . . . . . . . . . . . . . 1 Damage Taken 11990 | . 543 1356 2403 722 . . 96 . . . . . 110 . . 25 . 1298 320 509 437 4171 Core 2934 | . 81 363 445 130 . . 42 . . . . . 32 . . . . 278 69 98 111 1285 Absorbed by Shields . | . . . . . . . . . . . . . . . . . . . . . . . Redirected to Shielding 451 | . . . . 6 . . 13 . . . . . . . . 22 . 251 35 63 45 16 Regen/Repaired (Parts) 313 | . . . . . . . 124 . . . . . . . . . . 112 . 48 . 29 Core Remaining (%) 67 | 100 67 9 19 . . . 75 . . . . 100 . . . . 97 . 73 . . . Volleys Fired 357 | . 53 89 178 25 . . . . . . . . . . . . . . . . . 12 Largest 2 | . 2 2 2 2 . . . . . . . . . . . . . . . . . 1 Hottest 130 | . 40 68 130 58 . . . . . . . . . . . . . . . . . 70 Shots Fired 592 | . 105 160 265 50 . . . . . . . . . . . . . . . . . 12 Gun 558 | . 105 160 260 25 . . . . . . . . . . . . . . . . . 8 Cannon 30 | . . . 5 25 . . . . . . . . . . . . . . . . . . Launcher 4 | . . . . . . . . . . . . . . . . . . . . . . 4 Special . | . . . . . . . . . . . . . . . . . . . . . . . Kinetic 494 | . 105 153 181 50 . . . . . . . . . . . . . . . . . 5 Thermal 50 | . . . 50 . . . . . . . . . . . . . . . . . . . Explosive 4 | . . . . . . . . . . . . . . . . . . . . . . 4 Electromagnetic 41 | . . 7 34 . . . . . . . . . . . . . . . . . . . Entropic 3 | . . . . . . . . . . . . . . . . . . . . . . 3 Robot Hit Streak 17 | . 11 15 17 15 . . . . . . . . . . . . . . . . . 6 Robot Miss Streak 5 | . 2 3 5 3 . . . . . . . . . . . . . . . . . 2 Penetration Max 1 | . . . . . . . . . . . . . . . . . . . . . . 1 Secondary Targets 9 | . 3 . 6 . . . . . . . . . . . . . . . . . . . Max Gunslinging Chain 1 | . 1 . 1 . . . . . . . . . . . . . . . . . . . Shots Hit Robots 450 | . 71 116 194 33 3 . . 4 . . 14 . . . . . . . . 2 3 10 Core Hits 174 | . 28 52 64 14 1 . . 1 . . 5 . . . . . . . . 2 3 4 Critical Kills 2 | . . . . . . . . . . . . . . . . . . . . . . 2 Critical Parts Destroyed 1 | . . 1 . . . . . . . . . . . . . . . . . . . . Critical Strikes 9 | . . 1 3 1 . . . 1 . . . . . . . . . . . . . 3 Burn 3 | . . . 3 . . . . . . . . . . . . . . . . . . . Meltdown 2 | . . . . . . . . . . . . . . . . . . . . . . 2 Destroy 1 | . . 1 . . . . . . . . . . . . . . . . . . . . Blast 1 | . . . . 1 . . . . . . . . . . . . . . . . . . Sever 2 | . . . . . . . . 1 . . . . . . . . . . . . . 1 Melee Attacks 128 | . . . 1 6 6 2 8 10 . 2 14 2 17 . . . . 18 6 15 8 13 Impact 2 | . . . 1 1 . . . . . . . . . . . . . . . . . . Slashing 120 | . . . . 5 6 2 8 9 . 2 11 2 17 . . . . 18 6 15 8 11 Piercing 2 | . . . . . . . . . . . . . . . . . . . . . . 2 Sneak Attacks 12 | . . . . . 1 . . 2 . . 3 . . . . . . . . 2 3 1 Combat Hostiles . | . . . . . . . . . . . . . . . . . . . . . . . Follow-up Attacks . | . . . . . . . . . . . . . . . . . . . . . . . Damage Inflicted 7950 | . 903 1394 2233 676 182 . . 186 . . 861 . . . . . . . . 153 249 1113 Guns 4685 | . 903 1287 2058 271 . . . . . . . . . . . . . . . . . 166 Cannons 396 | . . . 63 333 . . . . . . . . . . . . . . . . . . Explosions 990 | . . 107 103 . . . . . . . . . . . . . . . . . . 780 Melee 1870 | . . . . 72 182 . . 186 . . 861 . . . . . . . . 153 249 167 Ramming 9 | . . . 9 . . . . . . . . . . . . . . . . . . . Kinetic 3965 | . 903 1219 1151 604 . . . . . . . . . . . . . . . . . 88 Thermal 735 | . . 57 678 . . . . . . . . . . . . . . . . . . . Explosive 780 | . . . . . . . . . . . . . . . . . . . . . . 780 Electromagnetic 513 | . . 118 395 . . . . . . . . . . . . . . . . . . . Impact . | . . . . . . . . . . . . . . . . . . . . . . . Slashing 1870 | . . . . 72 182 . . 186 . . 861 . . . . . . . . 153 249 167 Piercing . | . . . . . . . . . . . . . . . . . . . . . . . Entropic 78 | . . . . . . . . . . . . . . . . . . . . . . 78 Highest Corruption 15 | . . . 1 . . . . . . . . . . . . . . 1 1 2 3 15 Average Corruption 3 | . . . 1 . . . . . . . . . . . . . . 1 1 1 2 7 Corruption Purged . | . . . . . . . . . . . . . . . . . . . . . . . Corruption Blocked . | . . . . . . . . . . . . . . . . . . . . . . . Effects 25 | . . . 3 . . . . . . . . . . . . . . 1 1 2 4 14 Message Errors 7 | . . . 1 . . . . . . . . . . . . . . . . . 2 4 Matter Fused 6 | . . . . . . . . . . . . . . . . . . . 1 2 . 3 Heat Flow Errors 4 | . . . . . . . . . . . . . . . . . . . . . 2 2 Energy Discharges 3 | . . . 1 . . . . . . . . . . . . . . . . . . 2 Parts Rejected 1 | . . . . . . . . . . . . . . . . . . . . . . 1 Data Loss (minor) 1 | . . . . . . . . . . . . . . . . . . 1 . . . . Data Loss (major) 1 | . . . . . . . . . . . . . . . . . . . . . . 1 Alerts 1 | . . . 1 . . . . . . . . . . . . . . . . . . . Misdirections 1 | . . . . . . . . . . . . . . . . . . . . . . 1 Overload Shots . | . . . . . . . . . . . . . . . . . . . . . . . Overflow Damage 327 | . . 7 3 . 56 . . 14 . . 141 . . . . . . . . . . 106 Projectiles . | . . . . . . . . . . . . . . . . . . . . . . . Explosions 101 | . . 7 3 . . . . . . . . . . . . . . . . . . 91 Melee 226 | . . . . . 56 . . 14 . . 141 . . . . . . . . . . 15 Knockbacks 2 | . . . . 2 . . . . . . . . . . . . . . . . . . Impact . | . . . . . . . . . . . . . . . . . . . . . . . Kinetic 2 | . . . . 2 . . . . . . . . . . . . . . . . . . Secondary . | . . . . . . . . . . . . . . . . . . . . . . . Self-Inflicted Damage 144 | . . 26 . . . . . . . . . . . . . . . . . . . 118 Shots 2 | . . 1 . . . . . . . . . . . . . . . . . . . 1 Rammed 1 | . . . . . . . 1 . . . . . . . . . . . . . . . Targets Rammed 3 | . . . 2 . . . 1 . . . . . . . . . . . . . . . Kicked 2 | . . . 2 . . . . . . . . . . . . . . . . . . . Crushed . | . . . . . . . . . . . . . . . . . . . . . . . Highest Temperature 521 | . 12 42 521 64 . . 14 12 3 . . 4 8 3 3 7 3 425 . 2 222 240 Average Temperature 65 | . 6 10 120 16 . . 8 2 3 . . 3 4 2 3 3 3 65 . 2 98 113 Received Heat Transfer 2382 | . 255 417 1116 153 . . 36 . . . . . 9 . . 9 . 78 24 27 63 195 Effects 16 | . . . 13 . . . . . . . . . . . . . . 3 . . . . Shutdowns 4 | . . . 3 . . . . . . . . . . . . . . 1 . . . . Energy Bleed 4 | . . . 2 . . . . . . . . . . . . . . 2 . . . . Interference 4 | . . . 4 . . . . . . . . . . . . . . . . . . . Damage (major) 4 | . . . 4 . . . . . . . . . . . . . . . . . . . Siege Activations . | . . . . . . . . . . . . . . . . . . . . . . . Martial Activations . | . . . . . . . . . . . . . . . . . . . . . . . Shielding Activations . | . . . . . . . . . . . . . . . . . . . . . . . Robots Disrupted . | . . . . . . . . . . . . . . . . . . . . . . . Combat Hostiles . | . . . . . . . . . . . . . . . . . . . . . . . Robots Corrupted . | . . . . . . . . . . . . . . . . . . . . . . . Combat Hostiles . | . . . . . . . . . . . . . . . . . . . . . . . Parts Fried . | . . . . . . . . . . . . . . . . . . . . . . . Impact Corruptions . | . . . . . . . . . . . . . . . . . . . . . . . Robots Melted 3 | . . . 1 . . . . . . . . . . . . . . . . . . 2 Combat Hostiles 2 | . . . 1 . . . . . . . . . . . . . . . . . . 1 Parts Melted 5 | . . . 2 . . . . . . . . . . . . . . . . . . 3 Heat Transferred 1731 | . . 50 1681 . . . . . . . . . . . . . . . . . . . Parts Sabotaged . | . . . . . . . . . . . . . . . . . . . . . . . Parts Stolen . | . . . . . . . . . . . . . . . . . . . . . . . Parts Stripped . | . . . . . . . . . . . . . . . . . . . . . . . Power Chain Reactions 3 | . . 1 2 . . . . . . . . . . . . . . . . . . . Alert | -11 -10 -9 -8 -7 -7 -7 -7 -5 -5 -5 -5 -4 -4 -4 -4 -4 -3 -3 -3 -2 -2 -2 ------- Run | Yrd Mat Mat Mat Fac Sto Rec Scr Fac Upp Upp Zhi Pro Fac Upp Upp War Pro Res Qua Res Tes Frg Maximum Alert Level 2 | . 1 . . . 1 . . . . . . . . . . . . 1 . 1 . 2 Low Security (%) 91 | 100 96 100 100 100 66 100 . 100 . . . . 100 . . . . 66 100 90 100 33 Level 1 7 | . 3 . . . 33 . . . . . . . . . . . . 33 . 9 . 53 Level 2 . | . . . . . . . . . . . . . . . . . . . . . . 12 Level 3 . | . . . . . . . . . . . . . . . . . . . . . . . Level 4 . | . . . . . . . . . . . . . . . . . . . . . . . Level 5 . | . . . . . . . . . . . . . . . . . . . . . . . High Security . | . . . . . . . . . . . . . . . . . . . . . . . Max Security . | . . . . . . . . . . . . . . . . . . . . . . . Peak Influence 489 | . 215 169 105 64 224 84 . 90 . . . . 158 . . . . 333 175 274 156 489 Initial 175 | . . 36 48 . 28 84 . . . . . . 150 . . . . . 175 69 153 33 Average 72 | . 103 88 36 7 122 8 . 27 . . . . 47 . . . . 137 100 109 65 222 Influence Increases 5401 | . 381 657 629 286 387 18 . 192 . . 15 . 393 . . . . 682 369 355 129 908 Destroy 0b10 Robot/C 1340 | . 260 360 360 80 160 . . . . . . . . . . . . . . . . 120 Destroy 0b10 Robot/NC 195 | . 25 50 50 15 10 . . 5 . . 15 . . . . . . . . 10 15 . Destroy Leader 318 | . 54 108 70 42 40 . . . . . . . . . . . . . . 2 2 . Allied During Kill 98 | . . . . . 98 . . . . . . . . . . . . . . . . . Successful Hack 255 | . 12 14 11 59 3 16 . 12 . . . . 18 . . . . 48 16 10 10 26 Disable Machine 390 | . . 15 45 45 30 . . 15 . . . . . . . . . 15 30 30 15 150 Destroy Structure 150 | . . 5 3 . 1 2 . 10 . . . . 30 . . . . 34 8 33 12 12 Advance Influence 150 | . . . . . . . . . . . . . 150 . . . . . . . . . Partial Spotted 390 | . . . . 15 45 . . 45 . . . . 45 . . . . 90 30 60 15 45 Lose Combat Pursuer 2115 | . 30 105 90 30 . . . 105 . . . . 150 . . . . 495 285 210 60 555 Influence Decreases 5050 | . 294 628 745 222 234 235 . 130 62 . 10 5 354 39 . . . 369 558 205 343 617 Entered New Map 673 | . . 51 68 . 36 133 . . 24 . . 5 . 15 . . . . 138 55 121 27 Time Decay 2448 | . 274 379 478 212 80 18 . 130 38 . 10 . 147 24 . . . 180 90 110 60 218 Lost Part 677 | . 20 48 199 10 . . . . . . . . . . . . . 70 20 40 20 250 Lost Ally 100 | . . . . . 90 . . . . . . . . . . . . . 10 . . . Purge Threat 1152 | . . 150 . . 28 84 . . . . . . 207 . . . . 119 300 . 142 122 Squads Dispatched 30 | . 3 3 2 3 1 . . . . . . . 2 . . . . 4 1 5 2 4 Investigation 7 | . 1 . . . . . . . . . . . . . . . . . . 2 1 3 Extermination 6 | . . . . 1 . . . . . . . . 1 . . . . 2 . 1 1 . Reinforcement 15 | . 2 3 2 2 1 . . . . . . . 1 . . . . 2 1 . . 1 Assault 2 | . . . . . . . . . . . . . . . . . . . . 2 . . Garrison . | . . . . . . . . . . . . . . . . . . . . . . . Intercept . | . . . . . . . . . . . . . . . . . . . . . . . Searches Triggered . | . . . . . . . . . . . . . . . . . . . . . . . Construction Impeded . | . . . . . . . . . . . . . . . . . . . . . . . Haulers Reinforced . | . . . . . . . . . . . . . . . . . . . . . . . Active Scanning Responses . | . . . . . . . . . . . . . . . . . . . . . . . Cargo Convoy Interrupts . | . . . . . . . . . . . . . . . . . . . . . . . Stealth | -11 -10 -9 -8 -7 -7 -7 -7 -5 -5 -5 -5 -4 -4 -4 -4 -4 -3 -3 -3 -2 -2 -2 --------- Run | Yrd Mat Mat Mat Fac Sto Rec Scr Fac Upp Upp Zhi Pro Fac Upp Upp War Pro Res Qua Res Tes Frg Distress Signals 34 | . 3 4 3 1 1 . . 3 . . . . 3 . . . . 2 . 6 1 7 Communications Jammed . | . . . . . . . . . . . . . . . . . . . . . . . Distress Signals . | . . . . . . . . . . . . . . . . . . . . . . . Times Spotted 356 | . 29 35 36 17 4 . 12 7 . 1 . 4 16 2 . 7 . 51 38 27 8 62 Peak Tracking Total 21 | . 7 6 5 7 5 . 6 7 . 1 . 2 9 4 . 7 . 21 15 15 7 21 Tactical Retreats 52 | . 2 4 6 2 . . . 4 . . . . 4 . . . . 8 5 5 1 11 Traps | -11 -10 -9 -8 -7 -7 -7 -7 -5 -5 -5 -5 -4 -4 -4 -4 -4 -3 -3 -3 -2 -2 -2 ------- Run | Yrd Mat Mat Mat Fac Sto Rec Scr Fac Upp Upp Zhi Pro Fac Upp Upp War Pro Res Qua Res Tes Frg Traps Triggered 12 | . 1 2 . 1 . . . . . . . . . . . . . . 2 2 1 3 Indirectly . | . . . . . . . . . . . . . . . . . . . . . . . Trap Hack Attempts . | . . . . . . . . . . . . . . . . . . . . . . . Triggered . | . . . . . . . . . . . . . . . . . . . . . . . Disarmed . | . . . . . . . . . . . . . . . . . . . . . . . Reprogrammed . | . . . . . . . . . . . . . . . . . . . . . . . Reused . | . . . . . . . . . . . . . . . . . . . . . . . Traps Extracted . | . . . . . . . . . . . . . . . . . . . . . . . Installed . | . . . . . . . . . . . . . . . . . . . . . . . Triggered . | . . . . . . . . . . . . . . . . . . . . . . . Machines | -11 -10 -9 -8 -7 -7 -7 -7 -5 -5 -5 -5 -4 -4 -4 -4 -4 -3 -3 -3 -2 -2 -2 ---------- Run | Yrd Mat Mat Mat Fac Sto Rec Scr Fac Upp Upp Zhi Pro Fac Upp Upp War Pro Res Qua Res Tes Frg Machines Disabled 31 | . . 1 3 3 2 . 2 1 . 1 . . . . . . . 1 2 2 1 12 Max in Single Turn 3 | . . 1 1 1 1 . 1 1 . 1 . . . . . . . 1 1 1 1 3 Garrison Access 6 | . . . . . . . . 1 . . . . 1 . . . . 1 1 1 . 1 Machines Repaired . | . . . . . . . . . . . . . . . . . . . . . . . Machines Dismantled . | . . . . . . . . . . . . . . . . . . . . . . . Machines Sabotaged . | . . . . . . . . . . . . . . . . . . . . . . . Overloaded Fab Kills . | . . . . . . . . . . . . . . . . . . . . . . . Hacking | -11 -10 -9 -8 -7 -7 -7 -7 -5 -5 -5 -5 -4 -4 -4 -4 -4 -3 -3 -3 -2 -2 -2 --------- Run | Yrd Mat Mat Mat Fac Sto Rec Scr Fac Upp Upp Zhi Pro Fac Upp Upp War Pro Res Qua Res Tes Frg Machines Accessed 79 | . 3 3 3 9 5 2 1 3 1 1 4 . 5 . . 4 . 7 9 3 5 11 Terminals 51 | . 3 3 3 6 5 2 . 2 . . . . 4 . . . . 5 8 1 4 5 Fabricators 8 | . . . . 3 . . . . . . . . . . . . . . . 1 . 4 Repair Stations 3 | . . . . . . . . . . . . . . . . . . 1 . 1 1 . Recycling Units 1 | . . . . . . . . . . . . . . . . . . . . . . 1 Scanalyzers . | . . . . . . . . . . . . . . . . . . . . . . . Garrison Access 5 | . . . . . . . . 1 . . . . 1 . . . . 1 1 . . 1 Total Hacks 183 | . 10 5 9 17 11 4 1 9 1 1 16 . 13 . . 11 . 14 16 8 11 26 Successful 115 | . 3 4 2 8 6 2 1 3 1 1 16 . 10 . . 11 . 11 9 5 4 18 Failed 68 | . 7 1 7 9 5 2 . 6 . . . . 3 . . . . 3 7 3 7 8 Catastrophic 14 | . . . 2 4 1 1 . 1 . . . . . . . . . . 3 1 1 . Database Lockouts . | . . . . . . . . . . . . . . . . . . . . . . . Manual 114 | . 10 5 9 15 3 4 . 7 . . . . 12 . . . . 9 13 3 10 14 Terminals 124 | . 10 5 9 11 11 4 . 7 . . . . 12 . . . . 11 15 3 10 16 Fabricators 17 | . . . . 6 . . . . . . . . . . . . . . . 3 . 8 Repair Stations 5 | . . . . . . . . . . . . . . . . . . 2 . 2 1 . Recycling Units 1 | . . . . . . . . . . . . . . . . . . . . . . 1 Scanalyzers . | . . . . . . . . . . . . . . . . . . . . . . . Garrison Access 6 | . . . . . . . . 2 . . . . 1 . . . . 1 1 . . 1 Terminal Hacks 81 | . 1 3 1 1 6 2 1 1 1 1 16 . 9 . . 11 . 7 5 2 3 10 Record 7 | . . . . . . . 1 . . 1 4 . . . . . . . 1 . . . Part Schematic 5 | . . . . . . . . . . . 4 . . . . . . . 1 . . . Robot Analysis 4 | . . . . . . . . . . . 4 . . . . . . . . . . . Prototype ID Bank 13 | . . . . . . . . . . . 4 . . . . 9 . . . . . . Open Door 7 | . . . . . 3 . . . 1 . . . . . . 2 . 1 . . . . Level Access Points 1 | . . . . . . . . . . . . . . . . . . . . . . 1 Branch Access Points 9 | . 1 1 1 1 1 . . 1 . . . . 1 . . . . 1 . 1 . . Terminal Index 4 | . . . . . . . . . . . . . 1 . . . . 1 . . 1 1 Fabricator Index 3 | . . . . . . . . . . . . . 1 . . . . . . 1 . 1 Unreport Threat 19 | . . 2 . . 2 2 . . . . . . 4 . . . . 2 2 . 1 4 Locate Traps 3 | . . . . . . . . . . . . . 1 . . . . 1 . . . 1 Transport Status 1 | . . . . . . . . . . . . . . . . . . . . . . 1 Recall Extermination 2 | . . . . . . . . . . . . . . . . . . 1 . . 1 . Registered Components 1 | . . . . . . . . . . . . . 1 . . . . . . . . . Zone Layout 1 | . . . . . . . . . . . . . . . . . . . 1 . . . Proto ID Catalog 1 | . . . . . . . . . . . . . . . . . . . . . . 1 Fabricator Hacks 8 | . . . . 2 . . . . . . . . . . . . . . . 1 . 5 Network Status 2 | . . . . 1 . . . . . . . . . . . . . . . . . 1 Load Schematic 4 | . . . . . . . . . . . . . . . . . . . . 1 . 3 Build 2 | . . . . 1 . . . . . . . . . . . . . . . . . 1 Repair Station Hacks 4 | . . . . . . . . . . . . . . . . . . 2 . 2 . . Scan Component 2 | . . . . . . . . . . . . . . . . . . 1 . 1 . . Repair 2 | . . . . . . . . . . . . . . . . . . 1 . 1 . . Recycling Unit Hacks . | . . . . . . . . . . . . . . . . . . . . . . . Scanalyzer . | . . . . . . . . . . . . . . . . . . . . . . . Garrison Access Hacks 5 | . . . . . . . . 1 . . . . 1 . . . . 1 1 . . 1 Seal Access 5 | . . . . . . . . 1 . . . . 1 . . . . 1 1 . . 1 Unauthorized Hacks 17 | . 2 1 1 5 . . . 1 . . . . . . . . . 1 3 . 1 2 Terminals 13 | . 2 1 1 2 . . . 1 . . . . . . . . . 1 3 . 1 1 Assimilate 2 | . . . . . . . . 1 . . . . . . . . . . 1 . . . Botnet 6 | . . . . 1 . . . . . . . . . . . . . 1 2 . 1 1 Operators 5 | . 2 1 1 1 . . . . . . . . . . . . . . . . . . Fabricators 3 | . . . . 3 . . . . . . . . . . . . . . . . . . Fabnet 3 | . . . . 3 . . . . . . . . . . . . . . . . . . Repair Stations . | . . . . . . . . . . . . . . . . . . . . . . . Recycling Units 1 | . . . . . . . . . . . . . . . . . . . . . . 1 Fedlink 1 | . . . . . . . . . . . . . . . . . . . . . . 1 Scanalyzers . | . . . . . . . . . . . . . . . . . . . . . . . Garrison Access . | . . . . . . . . . . . . . . . . . . . . . . . Data Cores Recovered 1 | . . . . . . . . 1 . . . . . . . . . . . . . . Used . | . . . . . . . . . . . . . . . . . . . . . . . Hacking Detections 50 | . 3 1 3 7 4 2 . 2 . . . . 3 . . . . 4 7 2 5 7 Full Trace Events 4 | . . . . . . . . . . . . . . . . . . . . 1 1 2 Feedback Events 2 | . . . . . . . . . . . . . . . . . . . . 1 . 1 Corruption 1 | . . . . . . . . . . . . . . . . . . . . . . 1 Hackware Fried 1 | . . . . . . . . . . . . . . . . . . . . 1 . . Feedback Blocked . | . . . . . . . . . . . . . . . . . . . . . . . Robot Schematics Acquired . | . . . . . . . . . . . . . . . . . . . . . . . Robots Built . | . . . . . . . . . . . . . . . . . . . . . . . Authchips . | . . . . . . . . . . . . . . . . . . . . . . . Time 134 | . . . . 134 . . . . . . . . . . . . . . . . . . Total Robot Build Rating . | . . . . . . . . . . . . . . . . . . . . . . . Part Schematics Acquired 6 | . . . . . . . . . . . 4 . . . . . . . 1 . . 1 Parts Built 2 | . . . . . . . . . . . . . . . . . . . . . . 2 Authchips . | . . . . . . . . . . . . . . . . . . . . . . . Time 31 | . . . . . . . . . . . . . . . . . . . . . . 31 Total Part Build Rating 10 | . . . . . . . . . . . . . . . . . . . . . . 10 Parts Repaired 2 | . . . . . . . . . . . . . . . . . . 1 . 1 . . Time 118 | . . . . . . . . . . . . . . . . . . 80 . 38 . . Parts Recycled . | . . . . . . . . . . . . . . . . . . . . . . . Recycled Matter . | . . . . . . . . . . . . . . . . . . . . . . . Retrieved Matter . | . . . . . . . . . . . . . . . . . . . . . . . Retrieved Components . | . . . . . . . . . . . . . . . . . . . . . . . Parts Scanalyzed . | . . . . . . . . . . . . . . . . . . . . . . . Part Schematics Acquired . | . . . . . . . . . . . . . . . . . . . . . . . Parts Damaged . | . . . . . . . . . . . . . . . . . . . . . . . Bothacking | -11 -10 -9 -8 -7 -7 -7 -7 -5 -5 -5 -5 -4 -4 -4 -4 -4 -3 -3 -3 -2 -2 -2 ------------ Run | Yrd Mat Mat Mat Fac Sto Rec Scr Fac Upp Upp Zhi Pro Fac Upp Upp War Pro Res Qua Res Tes Frg Used RIF Installer . | . . . . . . . . . . . . . . . . . . . . . . . Robots Hacked 5 | . . . . . . . . 2 . . 3 . . . . . . . . . . . Non-combat 1 | . . . . . . . . 1 . . . . . . . . . . . . . . Combat 4 | . . . . . . . . 1 . . 3 . . . . . . . . . . . Robot Hacks Applied 4 | . . . . . . . . 1 . . 3 . . . . . . . . . . . parse_system 3 | . . . . . . . . . . . 3 . . . . . . . . . . . no_distress 1 | . . . . . . . . 1 . . . . . . . . . . . . . . Relay Couplers Released 1 | . . . . . . . . . . . . . . . . . . . . 1 . . Machine Destruction 1 | . . . . . . . . . . . . . . . . . . . . 1 . . Fabnet Peak Effective % 3 | . . . . . . . . 3 3 3 3 . . . . . . . . . . . Autooverrided 1 | . . . . . . . . 1 . . . . . . . . . . . . . . Robots Rewired . | . . . . . . . . . . . . . . . . . . . . . . . Allies Hacked . | . . . . . . . . . . . . . . . . . . . . . . . Hacks Repelled . | . . . . . . . . . . . . . . . . . . . . . . . Allies | -11 -10 -9 -8 -7 -7 -7 -7 -5 -5 -5 -5 -4 -4 -4 -4 -4 -3 -3 -3 -2 -2 -2 -------- Run | Yrd Mat Mat Mat Fac Sto Rec Scr Fac Upp Upp Zhi Pro Fac Upp Upp War Pro Res Qua Res Tes Frg Total Allies 12 | . . . . . 10 . . 1 . . . . . . . . . . 1 . . . Largest Group 10 | . . . . . 10 . . 1 . . . . . . . . . . 1 . . . Highest-Rated Group 173 | . . . . . 173 . . 29 . . . . . . . . . . 45 . . . Highest-Rated Ally 45 | . . . . . 29 . . 29 . . . . . . . . . . 45 . . . Total Orders . | . . . . . . . . . . . . . . . . . . . . . . . Ally Attacks 57 | . . . . . 52 . . 5 . . . . . . . . . . . . . . Total Damage 836 | . . . . . 758 . . 78 . . . . . . . . . . . . . . Kills 9 | . . . . . 9 . . . . . . . . . . . . . . . . . Allies Corrupted . | . . . . . . . . . . . . . . . . . . . . . . . Allies Melted 1 | . . . . . . . 1 . . . . . . . . . . . . . . . Intel | -11 -10 -9 -8 -7 -7 -7 -7 -5 -5 -5 -5 -4 -4 -4 -4 -4 -3 -3 -3 -2 -2 -2 ------- Run | Yrd Mat Mat Mat Fac Sto Rec Scr Fac Upp Upp Zhi Pro Fac Upp Upp War Pro Res Qua Res Tes Frg Active Infowar (turns) 3662 | . . . 86 577 . . . 237 159 144 98 179 340 113 82 166 61 337 196 235 176 476 Sensors 3662 | . . . 86 577 . . . 237 159 144 98 179 340 113 82 166 61 337 196 235 176 476 Robot Analysis Total 4 | . . . . . . . . . . . 4 . . . . . . . . . . . Derelict Logs Recovered 8 | . . . . . . . . . 3 1 . 1 . 1 2 . . . . . . . Drone Launches . | . . . . . . . . . . . . . . . . . . . . . . . Drone Recoveries . | . . . . . . . . . . . . . . . . . . . . . . . Exploration | -11 -10 -9 -8 -7 -7 -7 -7 -5 -5 -5 -5 -4 -4 -4 -4 -4 -3 -3 -3 -2 -2 -2 ------------- Run | Yrd Mat Mat Mat Fac Sto Rec Scr Fac Upp Upp Zhi Pro Fac Upp Upp War Pro Res Qua Res Tes Frg Turns Passed 8633 | 78 668 945 1644 1030 163 100 903 271 159 144 98 179 340 113 82 166 61 390 196 239 176 488 Spaces Moved 14441 | 49 306 374 717 723 386 364 1837 819 531 495 189 517 832 445 315 647 195 1090 680 745 612 1573 Core 17 | 14 . 1 2 . . . . . . . . . . . . . . . . . . . Treads 1156 | 35 258 214 318 331 . . . . . . . . . . . . . . . . . . Legs 474 | . . 95 290 89 . . . . . . . . . . . . . . . . . . Wheels 219 | . 48 64 107 . . . . . . . . . . . . . . . . . . . Hover . | . . . . . . . . . . . . . . . . . . . . . . . Flight 12575 | . . . . 303 386 364 1837 819 531 495 189 517 832 445 315 647 195 1090 680 745 612 1573 Fastest Speed 14 | 50 115 115 110 26 26 26 26 23 27 27 25 25 25 25 25 25 25 20 20 17 14 14 Average Speed 40 | 128 152 163 151 119 26 26 26 24 27 27 26 25 25 25 25 25 25 20 20 19 15 17 Slowest Speed 550 | 160 160 400 550 270 29 26 94 27 27 27 28 25 25 25 25 25 25 20 91 20 87 92 Overloaded Moves . | . . . . . . . . . . . . . . . . . . . . . . . Propulsion Burnouts . | . . . . . . . . . . . . . . . . . . . . . . . Robots Hopped 110 | . . . . 2 1 3 3 10 2 2 . 1 6 . 2 . . 29 21 8 5 15 Potential Cave-ins . | . . . . . . . . . . . . . . . . . . . . . . . Cave-ins Triggered . | . . . . . . . . . . . . . . . . . . . . . . . Exploration Rate (%) 50 | 4 61 29 41 23 44 79 94 16 69 81 59 50 17 66 50 83 47 37 76 23 58 50 Regions Visited 22 Branch Regions 14 Pre-discovered Areas 8 | . . . . . . . 1 . 1 . 3 . . 1 2 . . . . . . . Known Exits Taken 16 | . . . . 1 1 . . 1 1 1 1 1 1 1 1 1 1 1 1 1 1 . Unknown Exits Taken 6 | 1 1 1 1 . . 1 1 . . . . . . . . . . . . . . . Scrap Searched 17 | . . . . . . . 7 . 2 4 . 2 . . 2 . . . . . . . Spaces Dug 68 | . . . . . 1 2 2 5 . 1 . 2 17 . . . . 17 4 11 4 2 Terrain Destroyed 74 | . . 2 3 . 1 2 2 5 . 1 . 2 17 . . . . 17 4 11 4 3 Melee 68 | . . . . . 1 2 2 5 . 1 . 2 17 . . . . 17 4 11 4 2 Projectile . | . . . . . . . . . . . . . . . . . . . . . . . AOE 6 | . . 2 3 . . . . . . . . . . . . . . . . . . 1 Terrain Rammed . | . . . . . . . . . . . . . . . . . . . . . . . Walls Destroyed . | . . . . . . . . . . . . . . . . . . . . . . . Machines Disabled . | . . . . . . . . . . . . . . . . . . . . . . . Actions | -11 -10 -9 -8 -7 -7 -7 -7 -5 -5 -5 -5 -4 -4 -4 -4 -4 -3 -3 -3 -2 -2 -2 --------- Run | Yrd Mat Mat Mat Fac Sto Rec Scr Fac Upp Upp Zhi Pro Fac Upp Upp War Pro Res Qua Res Tes Frg Total 16320 | 64 402 563 1038 840 439 362 2249 861 543 499 223 562 931 445 315 650 206 1204 706 809 682 1727 Wait 968 | . 29 64 67 27 22 . 385 26 15 4 . 43 85 1 . 4 12 96 19 31 . 38 Move 14210 | 48 305 373 716 718 383 357 1832 799 526 490 188 514 820 444 311 646 194 1033 638 728 601 1546 Hop 100 | . . . . 2 1 3 2 9 2 2 . 1 5 . 1 . . 27 20 8 5 12 Pick Up 148 | 10 8 18 34 10 1 . 3 6 . 1 5 1 2 . 1 . . 9 6 9 9 15 Fast Attach 85 | . 1 1 2 8 9 . 6 2 . . 3 . . . . . . 2 6 3 7 35 Attach 110 | 6 3 14 30 7 1 . . 2 . . 2 . 2 . . . . 9 4 10 9 11 Detach 11 | . . . . 1 . . . . . . 1 . . . . . . 1 . 1 3 4 Swap 48 | . 1 3 6 8 3 . 2 4 . . 2 . . . 1 . . 5 2 . 5 6 Drop 130 | . 2 1 2 23 13 . 11 3 . . 8 1 . . 1 . . 4 5 4 17 35 Fire 357 | . 53 89 178 25 . . . . . . . . . . . . . . . . . 12 Melee 128 | . . . 1 6 6 2 8 10 . 2 14 2 17 . . . . 18 6 15 8 13 Ram . | . . . . . . . . . . . . . . . . . . . . . . . Kick 2 | . . . 2 . . . . . . . . . . . . . . . . . . . Crush . | . . . . . . . . . . . . . . . . . . . . . . . Escape Stasis 23 | . . . . 5 . . . . . . . . . . . . . . . . 18 . Rewire . | . . . . . . . . . . . . . . . . . . . . . . . Trap . | . . . . . . . . . . . . . . . . . . . . . . . Miscellaneous . | . . . . . . . . . . . . . . . . . . . . . . . Route ------- -11/Scrapyard -10/Materials (discovered 4 exits: *Mat x2 / *Min x2) -9/Materials (discovered 3 exits: *Mat / Min x2) -8/Materials -7/Factory (discovered 5 exits: [*Fac] / *Sto x2 / *Low x2) -7/Storage -7/Recycling (discovered 2 exits: *Fac / *Scr) -7/Scraptown (discovered 2 exits: *Fac x2) -5/Factory (discovered 2 exits: *Upp x2) -5/Upper Caves -5/Upper Caves (discovered 2 exits: *Fac / *Zhi) -5/Zhirov -4/Proximity Caves -4/Factory (discovered 2 exits: *Upp x2) -4/Upper Caves -4/Upper Caves -4/Warlord -3/Proximity Caves -3/Research (discovered 4 exits: *Res / Arm / *Qua x2) -3/Quarantine -2/Research (discovered 3 exits: *Acc / *Tes x2) -2/Testing (discovered 2 exits: [*Sec] / *Frg) -2/Protoforge (discovered 1 exit: Acc) History --------- Turn | Location | Event 34 | -11/Scrapyard | Discovered new exit (range 15) 79 | -11/Scrapyard | Entered Materials 144 | -10/Materials | Discovered new exit (range 9) 300 | -10/Materials | Discovered new exit (range 15) 301 | -10/Materials | Build established: Mutant 529 | -10/Materials | Discovered new exit (range 16) 679 | -10/Materials | Derelicts attacked the area 717 | -10/Materials | Identified exit to Mines 740 | -10/Materials | Discovered new exit (range 5) 747 | -10/Materials | Entered another Materials area 747 | -9/Materials | Evolved 2 slots: Propulsion x1, Utility x1 890 | -9/Materials | Core integrity fell below 50% 902 | -9/Materials | Lost 3 parts (1p2n) 1024 | -9/Materials | Identified exit to Mines 1209 | -9/Materials | Build established: Scavenger-Mutant 1251 | -9/Materials | Discovered new exit (range 10) 1262 | -9/Materials | Core integrity fell below 20% 1304 | -9/Materials | Lost 3 parts (1n1u1w) 1692 | -9/Materials | Entered another Materials area 1692 | -8/Materials | Evolved 2 slots: Propulsion x1, Utility x1 1891 | -8/Materials | Lost 12 parts (1p3n2u6w) 2186 | -8/Materials | Lost 5 parts (3n2w) 2442 | -8/Materials | Core integrity fell below 50% 2486 | -8/Materials | Lost 5 parts (2n1u2w) 2855 | -8/Materials | Lost 3 parts (1p1n1u) 2868 | -8/Materials | Core integrity fell below 20% 2870 | -8/Materials | Build established: Mutant 3330 | -8/Materials | Discovered new exit (range 4) 3336 | -8/Materials | Entered Factory 3336 | -7/Factory | Evolved 2 slots: Utility x2 3634 | -7/Factory | Build established: Hacker-Mutant 3859 | -7/Factory | Discovered new exit (range 16) 3892 | -7/Factory | Identified exit to Lower Caves 3957 | -7/Factory | Identified exit to Storage 4298 | -7/Factory | Discovered new exit (range 15) 4366 | -7/Factory | Entered Storage 4371 | -7/Storage | Identified exit to Recycling 4375 | -7/Storage | Assisted by bots powering up and referring to "LRC-V3" 4477 | -7/Storage | Lost 5 allies 4528 | -7/Storage | Used back door to open Recycling access 4529 | -7/Storage | Entered Recycling 4595 | -7/Recycling | Discovered new exit (range 5) 4623 | -7/Recycling | Scanned before Scraplab entrance 4626 | -7/Recycling | Entered Scraplab 4628 | -7/Recycling | Discovered new exit (range 3) 4629 | -7/Recycling | Entered Scraptown 4717 | -7/Scraptown | Build established: Hacker-Sprinter 4717 | -7/Scraptown | Discovered new exit (range 5) 4737 | -7/Scraptown | Visited Junk Repository 4745 | -7/Scraptown | Visited Assassins FH 4750 | -7/Scraptown | Visited SPCMW 4791 | -7/Scraptown | Visited Symbiants 4796 | -7/Scraptown | Visited CR-KLE's Repair Center 4797 | -7/Scraptown | CR-KLE repaired 2 parts 4815 | -7/Scraptown | Visited Junk Repository 4820 | -7/Scraptown | Visited Awakened 4858 | -7/Scraptown | Visited UFD Registry 4859 | -7/Scraptown | Registered with UFD as "Gunlever" 4864 | -7/Scraptown | Visited DA-N13 Charitable Foundation 4866 | -7/Scraptown | Found DCF Scrap (30 items) 4875 | -7/Scraptown | Visited Botcube Research 4877 | -7/Scraptown | Found Lrg. Botcube 4885 | -7/Scraptown | Visited Curators Association 4916 | -7/Scraptown | Visited Scrapoid Research Area 4922 | -7/Scraptown | Visited Scrap Suit Storage 4931 | -7/Scraptown | Visited LU-1G1's Boring Crew 4944 | -7/Scraptown | Visited Observation Area 4954 | -7/Scraptown | Visited A0-MCA Data Center 4956 | -7/Scraptown | Given a B- rating by A0-MCA 4960 | -7/Scraptown | Found A0-MCA's Component Scanner 4991 | -7/Scraptown | Visited Derelict Rescue Squad 4998 | -7/Scraptown | Visited Scrapoid Pod Storage 5056 | -7/Scraptown | Discovered new exit (range 5) 5078 | -7/Scraptown | Met Optimus 5078 | -7/Scraptown | Accepted into 0bPrime 5478 | -7/Scraptown | Civil war broke out across Scraptown 5523 | -7/Scraptown | Found Expert System 5532 | -7/Scraptown | Entered Factory 5532 | -5/Factory | Evolved 4 slots: Propulsion x1, Utility x3 5556 | -5/Factory | Discovered new exit (range 14) 5562 | -5/Factory | Lost 10 allies 5570 | -5/Factory | Identified exit to Upper Caves 5803 | -5/Factory | Entered Upper Caves 5804 | -5/Upper Caves | Encountered a Warlord checkpoint 5804 | -5/Upper Caves | Learned location of Armory (-3) 5901 | -5/Upper Caves | Learned location of 1 exit from Proximity Caves 5945 | -5/Upper Caves | Discovered new exit (range 13) 5949 | -5/Upper Caves | Identified exit to Upper Caves 5962 | -5/Upper Caves | Entered another Upper Caves area 5972 | -5/Upper Caves | Discovered new exit (range 6) 6038 | -5/Upper Caves | Encountered a Warlord checkpoint 6092 | -5/Upper Caves | Discovered new exit (range 12) 6106 | -5/Upper Caves | Identified exit to Zhirov 6106 | -5/Upper Caves | Entered Zhirov 6106 | -5/Zhirov | Discovered new exit (range 3) 6111 | -5/Zhirov | Met Zhirov 6123 | -5/Zhirov | Learned location of Quarantine (-3) 6123 | -5/Zhirov | Learned location of Testing (-2) 6123 | -5/Zhirov | Learned location of Command (-1) 6125 | -5/Zhirov | Zhirov requested help retrieving the SGEMP Prototype 6131 | -5/Zhirov | Found Alien Artifact 6132 | -5/Zhirov | Identified Integrated Reactor 6132 | -5/Zhirov | Installed Integrated Reactor, increased core energy generation (+10) 6204 | -5/Zhirov | Identified exit to Proximity Caves 6204 | -5/Zhirov | Entered Proximity Caves 6205 | -4/Proximity Caves | Identified exit to Factory 6261 | -4/Proximity Caves | Learned Research stockpile data 6356 | -4/Proximity Caves | Spotter reported a threat 6383 | -4/Proximity Caves | Entered Factory 6383 | -4/Factory | Evolved 2 slots: Utility x2 6409 | -4/Factory | Spotted B-86 Titan 6421 | -4/Factory | Identified exit to Upper Caves 6690 | -4/Factory | Build established: Wizard-Sprinter 6723 | -4/Factory | Entered Upper Caves 6751 | -4/Upper Caves | Spotted B-86 Titan 6835 | -4/Upper Caves | Discovered new exit (range 5) 6835 | -4/Upper Caves | Identified exit to Upper Caves 6836 | -4/Upper Caves | Entered another Upper Caves area 6872 | -4/Upper Caves | Spotted B-86 Titan 6886 | -4/Upper Caves | Discovered new exit (range 8) 6888 | -4/Upper Caves | Identified exit to Warlord 6918 | -4/Upper Caves | Entered Warlord 7001 | -4/Warlord | Rebuked by Warlord 7026 | -4/Warlord | Warlord's base attacked by MAIN.C 7060 | -4/Warlord | Opened side exit 7082 | -4/Warlord | Discovered new exit (range 12) 7084 | -4/Warlord | Identified exit to Proximity Caves 7084 | -4/Warlord | Entered Proximity Caves 7132 | -3/Proximity Caves | Discovered new exit (range 11) 7142 | -3/Proximity Caves | Identified exit to Research 7145 | -3/Proximity Caves | Entered Research 7145 | -3/Research | Evolved 2 slots: Propulsion x1, Utility x1 7146 | -3/Research | Identified exit to Armory 7254 | -3/Research | Identified exit to Quarantine 7263 | -3/Research | Spotted B-86 Titan 7430 | -3/Research | Repaired Exp. Propulsion Shielding? 7452 | -3/Research | Discovered new exit (range 4) 7452 | -3/Research | Identified exit to Research 7466 | -3/Research | Found Prototype Hackware 7466 | -3/Research | Identified Exp. System Shield 7507 | -3/Research | Lost 3 parts (1p2u) 7535 | -3/Research | Entered Quarantine 7572 | -3/Quarantine | Discovered exit to Research (range 15) 7598 | -3/Quarantine | Found Alien Artifact 7731 | -3/Quarantine | Entered Research 7731 | -2/Research | Evolved 2 slots: Propulsion x2 7743 | -2/Research | Identified exit to Testing 7790 | -2/Research | Repaired Imp. Propulsion Shielding 7872 | -2/Research | Discovered new exit (range 11) 7927 | -2/Research | Hacking Suite fried by hacking feedback 7968 | -2/Research | Lost 3 parts (3u) 7970 | -2/Research | Entered Testing 8007 | -2/Testing | Found Prototype Launcher 8007 | -2/Testing | Identified Ragnarok Missile Launcher 8010 | -2/Testing | Found Prototype Processor 8010 | -2/Testing | Identified Exp. Armor Integrity Analyzer 8060 | -2/Testing | Found Prototype Processor 8060 | -2/Testing | Identified Exp. Core Analyzer 8133 | -2/Testing | Spotted Fortress 8144 | -2/Testing | Lost 5 parts (1n4u) 8145 | -2/Testing | Discovered new exit (range 6) 8145 | -2/Testing | Discovered new exit (range 7) 8146 | -2/Testing | Identified exit to Protoforge 8146 | -2/Testing | Entered Protoforge 8147 | -2/Protoforge | Superfortress began startup sequence 8160 | -2/Protoforge | Spotted Hotshot 8160 | -2/Protoforge | Spotted Hotshot 8160 | -2/Protoforge | Spotted Hotshot 8173 | -2/Protoforge | Identified exit to Access 8195 | -2/Protoforge | Build established: Hacker-Sprinter 8220 | -2/Protoforge | Spotted Hotshot 8220 | -2/Protoforge | Spotted Hotshot 8221 | -2/Protoforge | Spotted Hotshot 8231 | -2/Protoforge | Found Prototype Protection 8232 | -2/Protoforge | Identified Cep. Core Shell 8234 | -2/Protoforge | Found Prototype Device 8235 | -2/Protoforge | Identified Exp. Trap Extractor 8239 | -2/Protoforge | Found Prototype Slashing Weapon 8240 | -2/Protoforge | Identified Exp. Terror Saw 8242 | -2/Protoforge | Found Exp. Terror Saw 8254 | -2/Protoforge | Found Prototype Storage 8254 | -2/Protoforge | Identified Cep. NT7 Matterbank 8268 | -2/Protoforge | Spotted EXE-6 8268 | -2/Protoforge | Spotted EXE-6 8277 | -2/Protoforge | UFD initiated attack on Protoforge 8277 | -2/Protoforge | Loaded intel: 3 recycling unit locations 8278 | -2/Protoforge | Lost 4 parts (2n1u1w) 8296 | -2/Protoforge | Fabricated Stasis Canceller? 8310 | -2/Protoforge | Found 0bPrime Scrap Suit 8313 | -2/Protoforge | Optimus greeted in Protoforge 8314 | -2/Protoforge | Found Corrupted Prototype Ballistic Gun 8314 | -2/Protoforge | Identified Cep. XC Strikerail 8338 | -2/Protoforge | Lost 3 allies 8354 | -2/Protoforge | Spotted SKR-2 8385 | -2/Protoforge | Lost 4 allies 8385 | -2/Protoforge | Spotted EXE-6 8385 | -2/Protoforge | Spotted EXE-6 8439 | -2/Protoforge | Spotted SKR-2 8458 | -2/Protoforge | Lost 5 allies 8459 | -2/Protoforge | Found Prototype Device 8459 | -2/Protoforge | Identified Exp. Active Sensor Suite 8467 | -2/Protoforge | Spotted V037-s 8467 | -2/Protoforge | Spotted V920-y 8467 | -2/Protoforge | Spotted V660-z 8467 | -2/Protoforge | Spotted V295-x 8474 | -2/Protoforge | Spotted Immortal 8475 | -2/Protoforge | Spotted Immortal 8475 | -2/Protoforge | Spotted Decapitator 8475 | -2/Protoforge | Spotted Decapitator 8485 | -2/Protoforge | Scanned by Researcher 8504 | -2/Protoforge | Found Faulty Cep. Deflector Sword 8506 | -2/Protoforge | Found Exp. Jetlance 8508 | -2/Protoforge | Found Cep. Helical Railcannon 8514 | -2/Protoforge | Found Faulty Cep. Lightning Penetrator 8516 | -2/Protoforge | Found Cep. Miniperforator 8518 | -2/Protoforge | Found Cep. Disintegration Ray 8520 | -2/Protoforge | Destroyed SKR-2 8530 | -2/Protoforge | Found Prototype Energy Gun 8530 | -2/Protoforge | Identified Cep. Variable Chargecaster 8532 | -2/Protoforge | Found Prototype Energy Cannon 8532 | -2/Protoforge | Identified Cep. Plasma Driver 8546 | -2/Protoforge | Forge Plexus network access discovered 8558 | -2/Protoforge | Spotted Decapitator 8558 | -2/Protoforge | Spotted Decapitator 8558 | -2/Protoforge | Spotted Decapitator 8558 | -2/Protoforge | Spotted V003-d 8558 | -2/Protoforge | Spotted V172-o 8560 | -2/Protoforge | Destroyed Decapitator 8564 | -2/Protoforge | Destroyed Decapitator 8564 | -2/Protoforge | Destroyed Decapitator 8564 | -2/Protoforge | Destroyed Decapitator 8574 | -2/Protoforge | Found Cep. Gyrokinetic System 8576 | -2/Protoforge | Found Faulty Cep. Biometal Exoskeleton 8582 | -2/Protoforge | Found Faulty Cep. Combat Aerolev Unit 8611 | -2/Protoforge | Found Faulty Cep. Fieldthrust Drive 8612 | -2/Protoforge | System corruption reached 10% 8613 | -2/Protoforge | Lost 8 parts (1p4n2u1w) 8623 | -2/Protoforge | Core integrity fell below 50% 8634 | -2/Protoforge | Core integrity fell below 20% 8634 | -2/Protoforge | Destroyed by V037-s with Heavy Hardcell Cannon Last Messages --------------- Slug penetrates Reinforced Barrier. Imp. Quantum Reactor destroyed. Med. Storage Unit destroyed. Penetrated by Slug. Hacking Suite destroyed. Slug penetrates Machine. Penetrated by Slug. Slug penetrates Machine. Imp. Q-thruster destroyed. Ragnarok Missile Launcher destroyed. Acquired Stasis Canceller. N-04 Retriever collects Broken Imp. Q-thruster. Exp. Jetlance destroyed. Knocked back. V920-y Prototype Device blasted off. Stasis Canceller destroyed. Penetrated by Slug. Slug penetrates Reinforced Barrier. N-04 Retriever collects Prototype Device. N-04 Retriever collects Cep. Helical Railcannon. Map ----- +----------------------------------------------------+ | """"#???###????#"==#%% "#?????????????????? | | "??"""#????#"==#% ""#?????????????????? | | ""# "#????#"= " """"#?????????????????? | | " "#????#"= " """"#?????????????????? | | " "#????#" " ""#?????????????????? | | " "#????#"==" "#?????????????????? | | " "#????#"==" "#?????????????????? | | " !"#????#"==" ##?????????????????? | | " "#????###" ""??????????????????? | | " "#?????# = "#?????????????????? | | # "#?????# #?????????????????? | | " ####"""#?????### ### ####+##????????????????? | | " #????###?????# # # "#????????????????? | | " #????????????# # # "#????????????????? | | " #????????????# % V V ##?????????????????? | | " #????????????# % #?????????????????? | | " #????????????# % n #?????????????????? | | " #????????????# ##?????????????????? | | " #????????????# #=%# " "#????????????????? | | #????????????# #""#VV#"""""#????????????????? | | #????????????#####??# #######????????????????? | | # #???????????????????# #??????????????????????? | | # #???????????????????# #??????????????????????? | | # #???????????????????#V%#??????????????????????? | | # #???????????????????# #??????????????????????? | | # #???????????????????# @#??????????????????????? | | # #???????????????????# %#??????????????????????? | | # #???????????????????# #??????????????????????? | | # #####################Y #??????????????????????? | | ##?????????????????????? | | #?????????????????????? | | #?????????????????????? | | #########+++######## #####?????????????????????? | | ?????# #???# #?????????????????????????? | | ?????# #???# #?????????????????????????? | | ?????# " " #???# ^#?????????????????????????? | | ?????# " " #???# #?????????????????????????? | | ?????# ""G"" #???# #?????????????????? #?????? | | ?????# #???# #????????????????? #?????? | | ?????###########???# ################# #?????? | | ???????????????????# #?????? | | ???????????????????# #?????? | | ???????????????????# #?????? | | ???????????????????######## #????????????? | | ??????????????????????????# #????????????? | | ??????????????????????????# #????????????? | | ??????????????????????????# #????????????? | | ??????????????????????????# #????????????? | | ??????????????????????????## ##????????????? | | ??????????????????########## #?????????????? | +----------------------------------------------------+ Best States ------------- Heat Dissipation 87 Energy Generation 43 Energy Capacity 350 Matter Stores 1050 Matter Capacity 1050 Sight Range 16 Robot Scan Range 16 Terrain Scan Density 10 Power Amplification 20 Armor Coverage 225 Core Shielding 90 Propulsion Shielding 90 Weapon Shielding 66 Evasion (%) 78 Recoil Reduction 3 Offensive Hacking 62 Defensive Hacking 10 Item Schematics ----------------- Assault Drone Bay | -5/Zhirov | Free Exp. Heat Sink | -5/Zhirov | Free Exp. Optical Array | -5/Zhirov | Free Imp. Arc Thrower | -5/Zhirov | Free Stasis Canceller | -3/Quarantine | Hacked Ionic Axe | -2/Protoforge | Archive Robot Schematics ------------------ None Fabricated ------------ Stasis Canceller | x2 | -2/Protoforge Repaired ---------- Exp. Propulsion Shielding | 25% | -3/Research Imp. Propulsion Shielding | 52% | -2/Research Alien Tech Used ----------------- Integrated Reactor Achievements -------------- None Challenges ------------ None Game ------ Seed GuidanceMetafieldSegregator Manual? 0 Play Time 03:00:25 Cumulative 154.6 hours Start 2025.08.28 @ 20:32:31 End 2025.08.29 @ 18:19:06 Sessions 5 Manual Loads 0 Difficulty Rogue Special Mode None Game No. 136 Rogue 136 Adventurer 0 Explorer 0 Win Type - Total 7 Types 2/0/2/2/0/0/0/0/0/1 Lore% 84 Gallery% 80 Achievement% 60 Wizard Run 0 Options --------- Layout 1 ASCII 0 Keyboard 0 Movement Numpad Keybinds 0 Fullscreen 1 Font 24/Proggy Map View 50x35 Zoom Use 0% Tactical HUD 0 Map Filters NONE Filters NONE Steam 1 RUN: f45342be-cf50-4f36-819a-23f0a5517756